 Dungeon Crawl Stone Soup version 0.28.0-53-g5a82cb258f (webtiles) character file.

Game seed: 10328232984343622340

25 ChickenMitten the Conjurer (level 3, 33/33 HPs)
             Began as an Ogre Conjurer on Aug 3, 2022.
             Was a Follower of Wu Jian.
             Got out of the dungeon alive.
             The game lasted 00:03:04 (1377 turns).

ChickenMitten the Conjurer (Ogre Conjurer)          Turns: 1377, Time: 00:03:05

Health: 33/33      AC:  3    Str: 11    XL:     3   Next: 6%
Magic:  7/7        EV:  9    Int: 21    God:    Wu Jian [*.....]
Gold:   14         SH:  0    Dex:  7    Spells: 6/7 levels left

rFire   . . .      SeeInvis .   d - +0 dagger
rCold   . . .      Faith    .   (no shield)
rNeg    . . .      Spirit   .   a - +0 robe
rPois   .          Reflect  .   (helmet restricted)
rElec   .          Harm     .   (no cloak)
rCorr   .          Rampage  .   (gloves unavailable)
Will    .....                   (boots unavailable)
Stlth   +.........              (no amulet)
HPRegen 0.11/turn               (no ring)
MPRegen 0.10/turn               (no ring)

@: no status effects
A: large, unfitting armour, tough skin 1
a: Renounce Religion


You escaped.
You worshipped Wu Jian.
Wu Jian was aware of your devotion.
You visited 1 branch of the dungeon, and saw 1 of its levels.

You collected 14 gold pieces.

Inventory:

Hand Weapons
 d - a +0 dagger (weapon)
Armour
 a - a +0 robe (worn)
Scrolls
 b - 2 scrolls of teleportation {unknown}
 c - a scroll of fog {unknown}
 e - a scroll of immolation {unknown}
 f - a scroll of acquirement {unknown}


   Skills:
 * Level 1.1 Fighting
 - Level 1.7 Dodging
 - Level 1.4 Stealth
 * Level 2.6 Spellcasting
 * Level 4.2 Conjurations


You had 6 spell levels left.
You knew the following spells:

 Your Spells              Type           Power      Damage    Failure   Level
a - Magic Dart            Conj           80%        1d7       2%          1

Your spell library contained the following spells:

 Spells                   Type           Power      Damage    Failure   Level
 Searing Ray              Conj           40%        2d5       3%          2
 Dazzling Flash           Conj/Hex       22%        N/A       17%         3
 Fulminant Prism          Conj/Hex       5%         3d7       50%         4
 Iskenderun's Mystic Bla  Conj/Tloc      11%        2d4       50%         4


Dungeon Overview and Level Annotations

Branches:
Dungeon (1/15)

Altars:
Wu Jian


Innate Abilities, Weirdness & Mutations

You are too large for most types of armour.
You have tough skin. (AC +1)


Message History

Aim: a goblin, wielding a +0 club (heavily wounded, 100% to hit)
The magic dart hits the goblin.
You kill the goblin!
You start resting.
Magic restored.
You see here a hobgoblin corpse.
Things that are here:
a +0 club; a goblin corpse You see here a hobgoblin corpse.
Found an escape hatch in the floor.
You now have 14 gold pieces (gained 4).
There is an escape hatch in the floor here.
f - a scroll labelled CAGUUBO DEFEE
b - 2 scrolls labelled IRUGAB LUDE (gained 1)
Found a dagger.
You see here a +0 dagger.
Found a leather armour.
You open the door.
Found a gnoll skeleton.
Found a gnoll skeleton.
There is an open door here.
You see here a +0 leather armour.
There is an open door here.
You open the door.
Found a faded altar of an unknown god.
There is an open door here.
There is a faded altar of an unknown god here.
You cannot tell which god this altar belongs to.
Convert to them anyway?
Wu Jian accepts your prayer! The Council welcomes you!
You can now perform damaging attacks by moving towards foes.
You can now lightly attack monsters by moving around them.
There is an open door here.
There is an open door here.
You see here a +0 leather armour.
There is an escape hatch in the floor here.
You see here 13 sling bullets.
There is a staircase leading out of the dungeon here.
Are you sure you want to leave the Dungeon?
This will make you lose the game!
You have escaped!

#.# ##....### #.# #..
##.####....#### #.# #..
#.............# #.# #..
#..######......... ..# #..
#.## ########## ### #..
#.#### #.# #.##### ###
#.##...##(###..#..## #.#
#......###.....### #.#
#...@..#)#......# #.#
###..........(.## #.#
##............## #.###
####..........# #.#.##
##.#......## # #.#..#
#####.....## # ##....###
####...# ##.#.....########
###.#
##.######...##...######...#
#


There were no monsters in sight!

Vanquished Creatures
  A dart slug (D:1)
  A bat (D:1)
  2 endoplasms (D:1)
  A giant cockroach (D:1)
  A goblin (D:1)
  4 hobgoblins (D:1)
  2 quokkas (D:1)
  4 ball pythons (D:1)
  2 frilled lizards (D:1)
  2 kobolds (D:1)
  A rat (D:1)
21 creatures vanquished.

Notes
Turn   | Place    | Note
-------+----------+-------------------------------------------
     0 | D:1      | ChickenMitten the Ogre Conjurer began the quest for the
                  | Orb.
     0 | D:1      | Reached XP level 1. HP: 16/16 MP: 3/3
   310 | D:1      | Reached XP level 2. HP: 10/26 MP: 1/5
   619 | D:1      | Reached skill level 4 in Conjurations
   960 | D:1      | Reached skill level 1 in Fighting
  1031 | D:1      | Reached XP level 3. HP: 33/33 MP: 2/7
  1224 | D:1      | Found a faded altar of an unknown god.
  1231 | D:1      | Prayed at the altar of an unknown god.
  1231 | D:1      | Became a worshipper of the Wu Jian Council
  1231 | D:1      | Reached * piety under Wu Jian
  1377 | D:$      | Got out of the dungeon alive.

Illustrated notes

Levels and vault maps discovered:
D:1:      dpeg_arrival_arbitrary_a, layout_loops_ring,
          dilly_ecumenical_altar_fadedgnrine

Skill      XL: |  1  2 |
---------------+-------+-----
Conjurations   | 4 |  4.2
Fighting       | 1 |  1.1
Dodging        | |  1.7
Stealth        | |  1.4
Spellcasting   | |  2.6

Action                   || total
-------------------------++-------
Melee: Unarmed           ||    20
       Dagger            ||     8
 Cast: Magic Dart        ||    36
Armor: Robe              ||     8
Dodge: Dodged            ||    12
